 Dungeon Crawl Stone Soup version 0.29-a0-925-g0a7a3d12f8 (webtiles) character file.

Game seed: 138970007623084730

550 concernfroge the Fighter (level 7, -3/62 HPs)
             Began as a Mummy Monk on July 28, 2022.
             Was a Believer of Cheibriados.
             Slain by an orc
             ... wielding a +0 flail
              (5 damage)
             ... on level 5 of the Dungeon.
             The game lasted 00:14:53 (3724 turns).

concernfroge the Fighter (Mummy Monk)               Turns: 3724, Time: 00:14:54

Health: -3/62      AC: 10    Str: 20    XL:     7   Next: 7%
Magic:  1/7        EV:  8    Int: 14    God:    Cheibriados [**....]
Gold:   176        SH:  0    Dex: 24    Spells: 6/6 levels left

rFire   x . .      SeeInvis .   a - +0 spear
rCold   + . .      Faith    .   (no shield)
rNeg    + + +      Spirit   .   l - +2 chain mail
rPois   ∞          Reflect  .   (no helmet)
rElec   .          Harm     .   (no cloak)
rCorr   .          Rampage  .   (no gloves)
Will    .....                   (no boots)
Stlth   ..........              n - amulet of the acrobat
HPRegen 0.20/turn               b - +6 ring of dexterity
MPRegen 0.10/turn               (no ring)

@: very slow
A: cold resistance 1, negative energy resistance 3, torment resistance 2, heat
vulnerability 1, in touch with death 1, no potions
a: Renounce Religion, Bend Time


You were on level 5 of the Dungeon.
You worshipped Cheibriados.
Cheibriados was pleased with you.
You visited 2 branches of the dungeon, and saw 6 of its levels.

You collected 176 gold pieces.

Inventory:

Hand Weapons
 a - a +0 spear (weapon)
Missiles
 d - 5 boomerangs
 k - 2 poisoned darts (quivered)
Armour
 l - a +2 chain mail (worn)
Jewellery
 b - a +6 ring of dexterity (left hand)
 n - an amulet of the acrobat (around neck)
Scrolls
 h - 2 scrolls of fog


   Skills:
 + Level 8.2 Fighting
 - Level 2.4 Polearms
 - Level 2.4 Dodging
 - Level 1.5 Stealth


You had 6 spell levels left.
You didn't know any spells.
Your spell library contained the following spells:

 Spells                   Type           Power      Damage    Failure   Level
 Freeze                   Ice            0%         1d3       98%         1
 Frozen Ramparts          Ice            0%         1d2       100%        3
 Hailstorm                Conj/Ice       0%         3d3       100%        4


Dungeon Overview and Level Annotations

Branches:
Dungeon (5/15)             Temple (1/1) D:4

Altars:
Ashenzari
Cheibriados
Dithmenos
Gozag
Hepliaklqana
Kikubaaqudgha
Okawaru
Qazlal
Ru
Sif Muna
Trog
Uskayaw
Vehumet
Wu Jian
Yredelemnul

Annotations:
D:4 Menkaure


Innate Abilities, Weirdness & Mutations

You are immune to poison.
Your flesh is cold resistant. (rC+)
You are immune to negative energy. (rN+++)
You are immune to unholy pain and torment.
You are vulnerable to heat. (rF-)
You are in touch with the powers of death.
You do not drink.


Message History

The orc completely misses you.
You hear some strange, mumbled words.
A magic dart appears from out of thin air!
The magic dart hits you!
* * * LOW HITPOINT WARNING * * *
You miss something. The orc hits you but does no damage. Something hits you.
* * * LOW HITPOINT WARNING * * *
You hit something. The orc closely misses you. Something completely misses you.
The flow of time bends around you.
Cheibriados rebukes the orc.
The orc seems to slow down.
Cheibriados rebukes something.
The orc hits you but does no damage.
You hear some strange, mumbled words.
Something tries to affect you, but you resist.
You barely miss something. The orc hits you but does no damage.
You hit something. Something hits you.
* * * LOW HITPOINT WARNING * * *
You barely miss something. The orc closely misses you.
You hear some strange, mumbled words.
A magic dart appears from out of thin air!
The magic dart hits you!
* * * LOW HITPOINT WARNING * * *
Okay, then.
Aiming: Iceblast
Press: ? - help, Shift-Dir - straight line The mass of ice explodes!
The iceblast engulfs something!
Reactivating autopickup.
You feel a bit more experienced. The iceblast engulfs you.
You partially resist.
* * * LOW HITPOINT WARNING * * *
The now-empty wand crumbles to dust.
You hear a shout! x3
The orc hits you with a +0 mace.
* * * LOW HITPOINT WARNING * * *
You hit the orc.
You kill the orc!
Cheibriados appreciates the change of pace.
You barely miss the orc. The orc hits you with a +0 flail.
You die...

#.......^.<.
#..<.......# .
#........... ###.
#..[......## #..
####.#..### ..#
#.....# ##.# #....##
#..# #####....##
####).# #.........#
##.o@..###
#.######..###..###...#
#.!##..## ###...#
##.#..### #...#
#).....# # ..##
##..##.... ..#
#........ ...#
#.......###### .>..
........... ..##


You could see an orc.

Vanquished Creatures
  Eustachio (D:4)
  A phantom (D:5)
  A scorpion (D:4)
  2 hounds
  2 iguanas (D:4)
  2 orc wizards (D:5)
  4 adders
  A gnoll (D:1)
  A worm (D:3)
  6 dart slugs
  7 orcs
  5 bats
  6 endoplasms
  2 giant cockroaches
  6 goblins
  3 hobgoblins
  4 quokkas
  5 ball pythons
  A frilled lizard (D:3)
  5 kobolds
  5 rats
70 creatures vanquished.

Notes
Turn   | Place    | Note
-------+----------+-------------------------------------------
     0 | D:1      | concernfroge the Mummy Monk began the quest for the Orb.
     0 | D:1      | Reached XP level 1. HP: 18/18 MP: 1/1
   101 | D:1      | Found a faded altar of an unknown god.
   156 | D:1      | Reached XP level 2. HP: 7/25 MP: 2/2
   529 | D:1      | Reached skill level 4 in Fighting
   578 | D:1      | Gained mutation: You are in touch with the powers of death.
                  | [Mummy growth]
   578 | D:1      | Reached XP level 3. HP: 30/30 MP: 3/3
  1905 | D:3      | Reached XP level 4. HP: 38/38 MP: 4/4
  2008 | D:3      | Reached skill level 5 in Fighting
  2236 | D:4      | Noticed a scorpion
  2377 | D:4      | Reached XP level 5. HP: 21/46 MP: 5/5
  2383 | D:4      | Noticed an ogre
  2383 | D:4      | Noticed an ogre
  2383 | D:4      | Noticed Eustachio
  2383 | D:4      | Found the +6 shillelagh "Devastator" {shatter}
  2393 | D:4      | Killed Eustachio
  2394 | D:4      | Reached skill level 6 in Fighting
  2394 | D:4      | Reached XP level 6. HP: 27/53 MP: 6/6
  2410 | D:4      | Found a staircase to the Ecumenical Temple.
  2419 | Temple   | Entered the Ecumenical Temple
  2434 | Temple   | Reached skill level 7 in Fighting
  2774 | Temple   | Became a worshipper of Cheibriados the Contemplative
  2774 | Temple   | Reached * piety under Cheibriados
  2774 | Temple   | Reached ** piety under Cheibriados
  2876 | D:4      | HP: 1/55 [ogre/+0 giant spiked club (29)]
  3529 | D:4      | Noticed Menkaure
  3636 | D:5      | Entered Level 5 of the Dungeon
  3688 | D:5      | Reached skill level 8 in Fighting
  3688 | D:5      | Reached XP level 7. HP: 45/62 MP: 3/7
  3722 | D:5      | HP: 2/62 [orc/+0 mace (3)]
  3724 | D:5      | Slain by an orc

Illustrated notes

Levels and vault maps discovered:
D:1:      tarquinn_simple_flora_water_e, layout_rooms,
          dreamdust_ecumenical_altar_angels_and_demons
D:2:      layout_basic
D:3:      layout_loops_ring, tso_altar
D:4:      layout_rooms, zin_angel, minmay_temple_entry_crystal_x,
          dilly_guarded_unrand_devastator, uniq_eustachio, uniq_menkaure
D:5:      due_chaos_kobolds, layout_rooms, ebering_ghost_inner_flame,
          gup_sewer_entry_bubbles
Temple:   lightli_temple_of_artemis

Skill      XL: |  1  2  3  4  5  6 |
---------------+-------------------+-----
Fighting       | 4 5 6 8 |  8.2
Polearms       | |  2.4
Dodging        | |  2.4
Stealth        | |  1.5

Action                   |  1- 3 |  4- 6 |  7- 9 || total
-------------------------+-------+-------+-------++-------
Melee: Spear             |    69 |   183 |    31 ||   283
       Punch             |     1 |     2 |       ||     3
Throw: Boomerang         |    41 |       |       ||    41
       Dart              |     4 |     2 |       ||     6
Invok: Bend Time         |       |     6 |     2 ||     8
Evoke: Wand              |       |     7 |     1 ||     8
  Use: Scroll            |       |     9 |       ||     9
 Stab: Sleeping          |     2 |       |       ||     2
Armor: Robe              |     1 |       |       ||     1
       Scale mail        |     9 |       |       ||     9
       Chain mail        |     7 |   116 |    16 ||   139
Dodge: Dodged            |    16 |    70 |    14 ||   100

Table legend: (Time is in decaauts)
 A = Elapsed time spent in this place.
 B = Non-inter-level travel time spent in this place.
 C = Inter-level travel time spent in this place.
 D = Time resting spent in this place.
 E = Time spent auto-exploring this place.
 F = Levels seen in this place.
 G = Mean time per level.
                   A        B        C        D        E       F      G
               +--------+--------+--------+--------+--------+-----+--------+
         Total |   3847 |   3641 |    206 |    810 |   2133 |   6 |  641.2 |
       Dungeon |   3453 |   3268 |    185 |    566 |   2050 |   5 |  690.6 |
        Temple |    393 |    372 |     21 |    244 |     83 |   1 |  393.0 |
               +--------+--------+--------+--------+--------+-----+--------+

Top non-repeatable levels by time:
     D:3: 1326 daAuts
     D:2: 799 daAuts
     D:1: 747 daAuts
     D:4: 481 daAuts
  Temple: 393 daAuts
     D:5: 98 daAuts
